 Dungeon Crawl Stone Soup version 0.21.0-24-g2553a33 (webtiles) character file.

4765 sankara the Frost Mage (level 10, -14/81 HPs)
             Began as a White Draconian Ice Elementalist on Jan 20, 2018.
             Was a Believer of Sif Muna.
             Demolished by a two-headed ogre
             ... wielding a +0 giant spiked club
              (19 damage)
             ... on level 8 of the Dungeon on Jan 21, 2018.
             The game lasted 01:03:44 (11302 turns).

sankara the Frost Mage (DrIE)                      Turns: 11302, Time: 01:03:45

Health: -14/81     AC: 15    Str: 10    XL:     10   Next: 23%
Magic:  24/34      EV: 15    Int: 19    God:    Sif Muna [**....]
Gold:   489        SH:  0    Dex: 12    Spells: 10/22 levels left

rFire    + . .     SeeInvis .   u - staff of power
rCold    + . .     Gourm    .   (no shield)
rNeg     . . .     Faith    .   (armour unavailable)
rPois    .         Spirit   .   (helmet restricted)
rElec    .         Reflect  .   k - scarf {repulsion}
rCorr    +         Harm     .   m - +0 pair of gloves
MR       .....                  (no boots)
Stlth    ++........             (no amulet)
HPRegen  0.23/turn              c - ring of resist corrosion
MPRegen  0.24/turn              x - ring of protection from fire

@: icy armour, divine energy, repel missiles, slow
A: breathe frost, unfitting armour, cold resistance 1, cold-blooded, AC +7
a: Breathe Frost, Stop Divine Energy, Renounce Religion


You were on level 8 of the Dungeon.
You worshipped Sif Muna.
Sif Muna was pleased with you.
You were not hungry.

You visited 2 branches of the dungeon, and saw 9 of its levels.

You collected 489 gold pieces.

Inventory:

Hand Weapons
 e - a +0 dagger
Armour
 k - a scarf of repulsion (worn)
 m - a +0 pair of gloves (worn)
Magical Staves
 u - an uncursed staff of power (weapon)
Jewellery
 c - a ring of resist corrosion (left hand)
 x - a ring of protection from fire (right hand)
Wands
 o - a wand of scattershot (3)
 s - a wand of iceblast (13)
 t - a wand of clouds (5)
Scrolls
 d - 9 scrolls of identify
 g - 2 scrolls of amnesia
 h - 2 scrolls of fog
 i - a scroll of remove curse
 l - 3 scrolls of teleportation
 n - 2 scrolls of enchant armour
 v - a scroll of fear {unknown}
Potions
 a - 2 potions of might
 f - 2 potions of curing
 j - a potion of berserk rage {unknown}
 p - a potion of invisibility {unknown}
 r - 2 potions of cancellation
 w - a potion of agility
Books
 q - a book of Air

   Spells                             Type                      Level
   a - Shock                          Conjuration/Air              1
   b - Swiftness                      Charms/Air                   2
   c - Static Discharge               Conjuration/Air              3
   d - Airstrike                      Air                          4
   e - Lightning Bolt                 Conjuration/Air              5
 y - a book of Power

   Spells                             Type                      Level
   a - Iskenderun's Battlesphere      Conjuration/Charms           5
   b - Venom Bolt                     Conjuration/Poison           5
   c - Bolt of Magma                  Conjuration/Fire/Earth       5
   d - Iron Shot                      Conjuration/Earth            6
   e - Orb of Destruction             Conjuration                  7
   f - Spellforged Servitor           Conjuration/Summoning        7
Comestibles
 b - 16 rations


   Skills:
 - Level 5.0 Fighting
 + Level 6.3 Dodging
 - Level 1.7 Stealth
 + Level 6.5 Spellcasting
 + Level 3.3 Conjurations
 + Level 2.7 Charms
 * Level 11.7 Ice Magic


You had 10 spell levels left.
You knew the following spells:

 Your Spells              Type           Power        Failure   Level  Hunger
a - Freeze                Ice            ####         1%          1    None
b - Ozocubu's Armour      Chrm/Ice       ####....     1%          3    ##.....
c - Throw Icicle          Conj/Ice       ####....     4%          4    ####...
d - Summon Ice Beast      Ice/Summ       ####....     10%         4    ####...


Dungeon Overview and Level Annotations

Branches:
Dungeon (8/15)             Temple (1/1) D:5
   Lair: D:8-11

Altars:
Ashenzari
Cheibriados
Dithmenos
Elyvilon
Fedhas
Gozag
Hepliaklqana
Kikubaaqudgha
Makhleb
Nemelex Xobeh
Okawaru
Qazlal
Ru
Sif Muna
Trog
Uskayaw
Vehumet
Wu Jian
Xom
Yredelemnul
Zin
The Shining One

Annotations:
D:3 Grinder


Innate Abilities, Weirdness & Mutations

You can breathe waves of freezing cold.
You can buffet flying creatures when you breathe cold.
Your icy white scales are hard. (AC +7)
You cannot fit into any form of body armour.
Your flesh is cold resistant. (rC+)
You are cold-blooded and may be slowed by cold attacks.


Message History

The two-headed ogre is heavily wounded.
The two-headed ogre hits you with a giant spiked club!
* * * LOW HITPOINT WARNING * * *
The two-headed ogre closely misses you.
Casting: Freeze
Confirm with . or Enter, or press ? or * to list all spells.
Aiming: Freeze
Press: ? - help, Shift-Dir - straight line, f/p - two-headed ogre
Aim: a two-headed ogre, wielding a giant spiked club and a giant club (heavily wounded)
You freeze the two-headed ogre.
The two-headed ogre is heavily wounded.
The two-headed ogre barely misses you. The two-headed ogre misses you.
The two-headed ogre completely misses you.
The two-headed ogre hits you with a giant club!
* * * LOW HITPOINT WARNING * * *
Casting: Freeze
Confirm with . or Enter, or press ? or * to list all spells.
A chill wind blows around you.
The two-headed ogre hits you with a giant spiked club!!
You die...

####### #......
###################.#####
#......O@Y.............>.
#..######################
#..# #..# #..# #..# #..#
#..# #..######


You could see a two-headed ogre and a friendly ice beast.

Vanquished Creatures
  The ghost of aspa the Thaumaturge, a novice OpWz (D:7)
  Pikel (D:6)
  Sigmund (D:2)
  A human (D:7)
  4 hogs
  A water moccasin (D:7)
  3 orc warriors
  2 sky beasts
  An eye of draining (D:8)
  3 ogres
  A necrophage (D:7)
  A centaur (D:6)
  5 bullfrogs
  A scorpion (D:6)
  A water moccasin skeleton (D:6)
  5 killer bees (D:7)
  A howler monkey (D:6)
  2 wights (D:6)
  A bullfrog zombie (D:7)
  A quasit (D:2)
  2 jellies
  A crimson imp (D:4)
  5 hounds
  5 orc priests
  Crazy Yiuf (D:2)
  Ijyb (D:4)
  2 iguanas
  4 orc wizards
  2 worker ants (D:4)
  A hound skeleton (D:4)
  13 adders
  2 shadow imps (D:6)
  4 worms
  2 dart slugs (D:1)
  3 leopard geckos
  29 orcs
  3 giant cockroaches
  9 goblins
  5 hobgoblins
  7 jackals
  4 quokkas
  A ball python (D:1)
  7 bats
  9 frilled lizards
  A jackal skeleton (D:5)
  8 kobolds
  2 quokka zombies (D:5)
  15 rats
185 creatures vanquished.

Vanquished Creatures (collateral kills)
  Eustachio (D:6)
  2 phantoms (D:5)
  A wight (D:5)
  An adder skeleton (D:6)
  A quokka (D:6)
6 creatures vanquished.

Vanquished Creatures (others)
  An orc wizard (D:6)
1 creature vanquished.

Grand Total: 192 creatures vanquished

Notes
Turn   | Place    | Note
-------+----------+-------------------------------------------
     0 | D:1      | sankara the Draconian Ice Elementalist began the quest for the Orb.
     0 | D:1      | Reached XP level 1. HP: 14/14 MP: 3/3
   206 | D:1      | Reached XP level 2. HP: 20/20 MP: 1/5
  1036 | D:2      | Reached XP level 3. HP: 26/26 MP: 2/6
  1288 | D:2      | Reached skill level 4 in Ice Magic
  1301 | D:2      | Reached XP level 4. HP: 5/33 MP: 0/7
  1501 | D:2      | Found a runed door.
  1533 | D:2      | Noticed Sigmund
  1539 | D:2      | Learned a level 3 spell: Ozocubu's Armour
  1551 | D:2      | Killed Sigmund
  1551 | D:2      | Reached skill level 5 in Ice Magic
  1551 | D:2      | Reached XP level 5. HP: 13/38 MP: 1/9
  2241 | D:2      | Learned a level 4 spell: Throw Icicle
  2241 | D:2      | Noticed Crazy Yiuf
  2247 | D:2      | Killed Crazy Yiuf
  2247 | D:2      | Reached XP level 6. HP: 39/45 MP: 7/11
  2911 | D:3      | Noticed Grinder
  2913 | D:3      | Paralysed by Grinder for 3 turns
  2923 | D:3      | Paralysed by Grinder for 2 turns
  3878 | D:4      | Reached skill level 1 in Fighting
  3878 | D:4      | Your scales start taking on an icy white colour.
  3878 | D:4      | Reached skill level 7 in Ice Magic
  3878 | D:4      | Reached XP level 7. HP: 23/52 MP: 2/12
  3878 | D:4      | Gained mutation: Your flesh is cold resistant. (rC+) [White Draconian growth]
  4776 | D:4      | Noticed Ijyb
  4788 | D:4      | Killed Ijyb
  4990 | D:4      | Learned a level 4 spell: Summon Ice Beast
  5106 | D:5      | Entered Level 5 of the Dungeon
  5845 | D:5      | Reached skill level 8 in Ice Magic
  5967 | D:5      | Found a staircase to the Ecumenical Temple.
  5976 | Temple   | Entered the Ecumenical Temple
  6170 | Temple   | Became a worshipper of Sif Muna the Loreminder
  6321 | D:5      | Reached XP level 8. HP: 44/62 MP: 10/14
  6714 | D:5      | Found a shadowy altar of Dithmenos.
  6724 | D:5      | Found a snail-covered altar of Cheibriados.
  7466 | D:6      | Reached skill level 9 in Ice Magic
  7784 | D:6      | Reached * piety under Sif Muna
  7828 | D:6      | Reached skill level 5 in Spellcasting
  7865 | D:6      | Reached skill level 5 in Dodging
  7997 | D:6      | Noticed Eustachio
  8068 | D:6      | Killed Eustachio
  8366 | D:6      | Noticed Pikel
  8366 | D:6      | Reached XP level 9. HP: 55/72 MP: 7/17
  8373 | D:6      | Reached skill level 10 in Ice Magic
  8397 | D:6      | Killed Pikel
  8402 | D:6      | Reached skill level 5 in Fighting
  9294 | D:7      | Reached ** piety under Sif Muna
  9312 | D:7      | Reached skill level 1 in Charms
  9592 | D:7      | Found a blossoming altar of Fedhas.
  9634 | D:7      | Reached skill level 11 in Ice Magic
 10045 | D:7      | Noticed aspa's ghost (novice OpWz)
 10051 | D:7      | Killed aspa's ghost
 10051 | D:7      | Reached XP level 10. HP: 81/81 MP: 9/19
 10878 | D:8      | Noticed a two-headed ogre
 10939 | D:8      | HP: 4/81 [bullfrog (7)]
 11293 | D:8      | HP: 3/81 [two-headed ogre/giant spiked club (9)]
 11302 | D:8      | Demolished by a two-headed ogre

Skill      XL: |  1  2  3  4  5  6  7  8  9 10 |
---------------+-------------------------------+-----
Dodging        | 2 3 4 5 6 |  6.3
Ice Magic      | 4 5 7 8 9 11 | 11.7
Spellcasting   | 3 4 5 6 |  6.5
Fighting       | 1 2 4 5 |  5.0
Charms         | 2 |  2.7
Conjurations   | 2 3 |  3.3
Stealth        | |  1.7

Action                   |  1- 3 |  4- 6 |  7- 9 | 10-12 || total
-------------------------+-------+-------+-------+-------++-------
Melee: Dagger            |    52 |    71 |   177 |       ||   300
       Tailslap          |     5 |     1 |    15 |       ||    21
       Staff             |       |       |    17 |     1 ||    18
 Cast: Freeze            |    47 |   101 |   292 |    47 ||   487
       Ozocubu's Armour  |       |     5 |    18 |     1 ||    24
       Throw Icicle      |       |     1 |    29 |     8 ||    38
       Summon Ice Beast  |       |       |     9 |     1 ||    10
Invok: Divine Energy     |       |       |     1 |       ||     1
  Use: Scroll            |     4 |     1 |     4 |       ||     9
       Potion            |       |     4 |     1 |       ||     5
 Stab: Sleeping          |     5 |     1 |     1 |       ||     7
  Eat: Chunk             |     2 |     9 |    18 |     4 ||    33
       Ration            |       |       |     3 |       ||     3
Armor: Skin              |    18 |    95 |   134 |    21 ||   268
Dodge: Dodged            |    61 |   171 |   282 |    79 ||   593
       Deflected         |       |     3 |     3 |       ||     6
